Map: Тритон РВ

Players

DeusVult

  • Race: Protoss Protoss
  • League: Master
  • Spawn Location: 11:00

ИИ 1 (новичок) - Winner!

  • Race: Terran Terran
  • Spawn Location: 5:00

VOD

Have the link to the VOD?

Description

Time

  • Played on: Nov. 29, 2019, 1:14 p.m.
  • Length: 10:28
Show
View Real Time Build Order
Export as new Build Order

DeusVult Protoss 

Build Orders: 1 Gate Expand, Colossus Rush 

Get SALT Encoding   

  12  0:01  Probe  
  13  0:13  Probe  
  14  0:18  Pylon  
  14  0:25  Probe  
  15  0:37  Gateway, Probe (Chrono Boost)  
  16  0:44  Assimilator  
  16  0:48  Probe (Chrono Boost)  
  17  0:53  Probe (Chrono Boost)  
  18  1:03  Probe  
  19  1:16  Probe  
  20  1:24  Nexus  
  20  1:33  Cybernetics Core  
  20  1:36  Probe  
  21  1:41  Assimilator  
  21  1:48  Probe  
  21  1:50  Pylon  
  22  2:00  Probe  
  23  2:07  Stalker (Chrono Boost)  
  23  2:12  Probe  
  26  2:16  Robotics Facility  
  26  2:18  Warp Gate  
  26  2:24  Probe (Chrono Boost)  
  26  2:29  Stalker  
  27  2:36  Probe (Chrono Boost)  
  31  2:38  Probe (Chrono Boost)  
  33  2:44  Probe (Chrono Boost)  
  33  2:45  Probe (Chrono Boost)  
  33  2:49  Gateway  
  33  2:51  Probe  
  34  2:52  Probe  
  35  2:59  Stalker  
  35  3:03  Probe  
  35  3:04  Observer  
  35  3:05  Probe  
  40  3:17  Robotics Bay  
  40  3:18  Probe x2  
  42  3:21  Pylon  
  42  3:23  Assimilator  
  42  3:25  Assimilator  
  42  3:30  Probe (Chrono Boost)  
  42  3:31  Probe (Chrono Boost)  
  42  3:33  Observer  
  46  3:42  Pylon, Probe (Chrono Boost)  
  46  3:47  Probe (Chrono Boost)  
  47  3:49  Probe (Chrono Boost)  
  47  3:52  Pylon  
  47  3:54  Probe  
  49  3:56  Probe  
  50  4:03  Colossus (Chrono Boost)  
  50  4:06  Probe  
  50  4:08  Stalker  
  59  4:10  Probe  
  59  4:13  Stalker  
  62  4:20  Pylon  
  62  4:37  Nexus  
  62  4:38  Pylon  
  62  4:41  Sentry  
  62  4:42  Sentry  
  62  4:43  Colossus (Chrono Boost)  
  66  4:50  Probe x2  
  74  4:59  Pylon  
  74  5:02  Probe  
  74  5:03  Probe  
  74  5:05  Stalker x2  
  80  5:11  Pylon  
  80  5:14  Gateway  
  80  5:23  Probe  
  80  5:24  Probe  
  80  5:26  Warp Prism (Chrono Boost)  
  84  5:29  Sentry, Stalker  
  84  5:35  Probe  
  89  5:36  Probe  
  89  5:42  Forge  
  90  5:43  Twilight Council  
  90  5:47  Probe  
  90  5:48  Probe  
  90  5:49  Probe  
  93  5:53  Stalker  
  93  5:55  Stalker, Disruptor (Chrono Boost)  
  100  6:05  Protoss Ground Weapons Level 1 (Chrono Boost)  
  100  6:07  Probe x3  
  100  6:09  Assimilator  
  100  6:10  Assimilator  
  103  6:17  Forge  
  103  6:19  Probe x3  
  103  6:20  Charge  
  106  6:27  Sentry, Stalker x2  
  112  6:33  Probe x3  
  115  6:45  Probe x2  
  117  6:49  Pylon  
  117  6:51  Pylon  
  117  6:52  Pylon  
  117  6:53  Protoss Shields Level 1 (Chrono Boost)  
  117  6:54  Pylon  
  117  6:58  Gateway  
  117  7:04  Photon Cannon  
  117  7:06  Disruptor  
  117  7:07  Photon Cannon, Probe x2  
  123  7:09  Photon Cannon  
  122  7:17  Stalker x3  
  128  7:32  Nexus  
  128  7:36  Robotics Facility  
  128  7:38  Gateway  
  128  7:41  Sentry, Stalker x2, Disruptor (Chrono Boost)  
  137  7:53  Stalker  
  137  7:56  Protoss Ground Weapons Level 2 (Chrono Boost)  
  139  7:59  Probe x2  
  139  8:00  Probe  
  139  8:05  Stargate  
  142  8:09  Pylon  
  142  8:10  Assimilator  
  142  8:14  Assimilator  
  142  8:16  Pylon  
  142  8:20  Stalker x3  
  142  8:23  Blink  
  148  8:31  Disruptor x2  
  154  8:37  Photon Cannon  
  154  8:40  Photon Cannon, Probe x2  
  154  8:41  Probe  
  157  8:42  Shield Battery  
  157  8:46  Stalker x2  
  157  8:47  Stalker x2  
  165  8:59  Fleet Beacon  
  165  9:16  Zealot x4  
  173  9:17  Zealot  
  173  9:19  Pylon  
  173  9:20  Pylon  
  173  9:22  Pylon  
  175  9:33  Disruptor x2  
  175  9:35  Nexus  
  175  9:42  Stalker x3  
  175  9:43  Stalker  
  189  9:45  Stalker  
  191  9:53  Probe x2  
  191  9:54  Probe  
  191  9:55  Probe  
  200  10:12  Stargate  
  200  10:15  Stargate  
  200  10:22  Stargate  
  200  10:23  Pylon  
  200  10:25  Pylon  
  200  10:27  Pylon  
Show
View Real Time Build Order
Export as new Build Order

ИИ 1 (новичок) Terran - Winner!

Build Orders:  

Get SALT Encoding   

  12  0:00  SCV  
  13  0:13  SCV  
  14  0:18  Supply Depot  
  14  0:37  Refinery  
  14  0:42  Barracks  
  14  1:05  Supply Depot  
  14  1:13  Refinery  
  14  1:30  Marine  
  14  1:31  Orbital Command  
  15  1:49  Barracks Tech Lab  
  15  1:57  SCV  
  16  2:09  SCV  
  16  2:11  Marine  
  18  2:21  SCV  
  19  2:33  SCV  
  20  2:45  SCV  
  21  2:53  Marauder  
  21  2:57  SCV  
  24  6:23  SCV, Marine  
  24  6:25  Supply Depot  
  26  6:27  Factory  
  26  6:30  Command Center  
  26  6:35  SCV  
  23  6:47  SCV  
  23  6:49  Supply Depot  
  24  6:55  Marine  
  24  6:59  SCV  
  26  7:11  SCV  
  26  7:13  Starport  
  27  7:28  Marine  
  28  7:43  SCV  
  29  7:51  SCV  
  30  7:54  Starport Tech Lab, Refinery  
  30  7:57  Refinery  
  30  7:58  SCV  
  31  8:00  Marine  
  31  8:05  SCV  
  33  8:12  Raven, SCV  
  34  8:19  SCV  
  38  8:27  SCV  
  38  8:32  Marine  
  40  8:34  SCV  
  41  8:41  SCV  
  42  8:48  SCV  
  42  8:55  Raven, SCV  
  46  9:02  SCV  
  46  9:05  Marauder  
  48  9:10  SCV  
  49  9:17  SCV  
  50  9:24  SCV  
Tags
 
League
Master
Matchup
ПvТ
Spawn Locations
Cross Positions
Add a new tag
Caveats
  • Supply blocks, unpowered buildings, or Contaminate may cause inaccurate times.
  • Supply counts are checked every 10 seconds.